 Dungeon Crawl Stone Soup version 0.29.1-1-gd02db6906a (webtiles) character file.

Game seed: 6350977486385087846

7224 themarg the Martial Artist (level 11, -1/83 HPs)
             Began as a Gnoll Transmuter on Sept 25, 2022.
             Was a High Priest of Fedhas.
             Killed from afar by an electric eel (14 damage)
             ... with a bolt of electricity
             ... on level 10 of the Dungeon.
             The game lasted 00:43:36 (14698 turns).

themarg the Martial Artist (Gnoll Transmuter)      Turns: 14698, Time: 00:43:36

Health: -1/83      AC:  2    Str: 10    XL:     11   Next: 11%
Magic:  23/23      EV: 25    Int: 16    God:    Fedhas [*****.]
Gold:   515        SH:  0    Dex: 18    Spells: 15/26 levels left

rFire   . . .      SeeInvis .     - Unarmed
rCold   + . .      Faith    .   (shield currently unavailable)
rNeg    . . .      Spirit   .   (body armour currently unavailable)
rPois   x          Reflect  .   (helmet currently unavailable)
rElec   .          Harm     .   (cloak currently unavailable)
rCorr   .          Rampage  .   (gloves currently unavailable)
Will    .....                   (boots currently unavailable)
Stlth   +++.......              m - amulet of magic regeneration
HPRegen 0.23/turn               C - ring of wizardry
MPRegen 0.58/turn               l - ring of protection from cold

@: spider-form, studying Staves
A: venomous fangs, tiny, (fangs 1), strong nose, distributed training
a: End Transformation, Renounce Religion, Wall of Briars, Grow Ballistomycete,
Overgrow, Grow Oklob


You were on level 10 of the Dungeon.
You worshipped Fedhas.
Fedhas was extremely pleased with you.
You were a venomous arachnid creature.
You visited 1 branch of the dungeon, and saw 10 of its levels.
You also visited: Sewer.

You collected 515 gold pieces.

Inventory:

Hand Weapons
 c - a +0 hand axe (melded)
Missiles
 n - 2 javelins
 I - 2 throwing nets
Armour
 a - a +0 robe (melded)
 h - the +0 pair of fencer's gloves (melded) {Riposte Dex+3}
   (You acquired it on level 7 of the Dungeon)

   It allows the wearer to riposte with melee weapons, swiftly retaliating
   against missed or blocked melee attacks.
   Dex:       It affects your dexterity (+3).
 i - a +0 helmet (melded)
 D - a +1 cloak of poison resistance (melded)
 G - a +0 pair of boots (melded)
 M - +0 steam dragon scales
Jewellery
 l - a ring of protection from cold (right front leg)
 m - an amulet of magic regeneration (around neck)
 y - a ring of positive energy
 C - a ring of wizardry (left front leg)
 R - a +6 ring of dexterity
Wands
 B - a wand of mindburst (29)
 N - a wand of light (11)
 O - a wand of polymorph (5)
 P - a wand of digging (4)
 Q - a wand of charming (7)
Scrolls
 d - 3 scrolls of silence
 f - 3 scrolls of enchant armour
 g - a scroll of blinking
 j - a scroll of summoning {unknown}
 o - 3 scrolls of teleportation
 s - a scroll of poison {unknown}
 v - a scroll of immolation {unknown}
 w - a scroll of magic mapping {unknown}
 A - a scroll of noise {unknown}
 E - a scroll of vulnerability {unknown}
 F - a scroll of enchant weapon {unknown}
 H - 2 scrolls of amnesia
 L - 2 scrolls of butterflies {unknown}
Potions
 b - 2 potions of lignification
 e - 4 potions of mutation
 k - 5 potions of curing
 p - 3 potions of attraction
 q - 2 potions of haste
 r - a potion of resistance {unknown}
 t - 4 potions of flight
 u - 4 potions of heal wounds
 x - 2 potions of brilliance
 z - a potion of magic
 J - a potion of cancellation {unknown}
 K - 2 potions of degeneration {unknown}


   Skills:
 + Level 6.8 Fighting
 + Level 6.2 Short Blades
 + Level 6.2 Long Blades
 + Level 6.2 Axes
 + Level 6.2 Maces & Flails
 + Level 6.2 Polearms
 + Level 8.9 Staves
 + Level 6.2 Ranged Weapons
 + Level 6.2 Throwing
 + Level 6.2 Armour
 + Level 7.8 Dodging
 + Level 6.2 Stealth
 + Level 6.2 Shields
 + Level 9.1 Unarmed Combat
 + Level 8.0 Spellcasting
 + Level 5.1 Conjurations
 + Level 5.1 Hexes
 + Level 5.1 Summonings
 + Level 5.1 Necromancy
 + Level 5.1 Translocations
 + Level 6.5 Transmutations
 + Level 5.1 Fire Magic
 + Level 5.1 Ice Magic
 + Level 5.1 Air Magic
 + Level 5.1 Earth Magic
 + Level 5.1 Poison Magic
 + Level 6.8 Invocations
 + Level 6.2 Evocations


You had 15 spell levels left.
You knew the following spells:

 Your Spells              Type           Power      Damage    Failure   Level
a - Beastly Appendage     Tmut           54%        N/A       1%          1
b - Wereblood             Tmut           27%        N/A       2%          2
c - Spider Form           Tmut/Pois      25%        N/A       4%          3
d - Yara's Violent Unrav  Hex/Tmut       12%        3d7       22%         5

Your spell library contained the following spells:

 Spells                   Type           Power      Damage    Failure   Level
 Shock                    Conj/Air       88%        1d8       2%          1
 Blink                    Tloc           44%        N/A       3%          2
 Ensorcelled Hibernation  Hex/Ice        44%        N/A       3%          2
 Static Discharge         Conj/Air       22%        3-6/arc   3%          2
 Sublimation of Blood     Necr           22%        N/A       3%          2
 Lesser Beckoning         Tloc           22%        N/A       5%          3
 Ozocubu's Armour         Ice            22%        N/A       5%          3
 Swiftness                Air            22%        N/A       5%          3
 Tukima's Dance           Hex            22%        N/A       5%          3
 Ice Form                 Ice/Tmut       25%        N/A       10%         4
 Petrify                  Tmut/Erth      25%        N/A       10%         4
 Airstrike                Air            11%        2d(2-18)  12%         4
 Anguish                  Hex/Necr       11%        N/A       12%         4
 Dispel Undead            Necr           22%        3d12      12%         4
 Leda's Liquefaction      Hex/Erth       11%        N/A       12%         4
 Passage of Golubria      Tloc           22%        N/A       12%         4
 Sticky Flame             Conj/Fire      22%        2d4       12%         4
 Irradiate                Conj/Tmut      12%        3d15      22%         5
 Lee's Rapid Deconstruct  Erth           11%        3d9*      28%         5
 Manifold Assault         Tloc           22%        N/A       28%         5
 Metabolic Englaciation   Hex/Ice        11%        N/A       28%         5
 Statue Form              Tmut/Erth      16%        N/A       65%         6
 Dispersal                Tloc           11%        N/A       75%         6
 Simulacrum               Ice/Necr       11%        N/A       75%         6
 Disjunction              Tloc           11%        N/A       100%        8


Dungeon Overview and Level Annotations

Branches:
Dungeon (10/15)            Temple (0/1) D:4             Orc (0/2) D:9
  Sewer (visited)
   Lair: D:8-11

Altars:
Cheibriados
Elyvilon
Fedhas
Makhleb
Trog
Xom

Annotations:
D:5 2 transporters, bakla's ghost, novice BaAM
D:6 exclusion: downstairs
D:7 Dowan
D:8 4 transporters


Innate Abilities, Weirdness & Mutations

You are a venomous arachnid creature.
You have poisonous fangs.
You are tiny and dextrous.
Your spellcasting is less reliable in this form.
Your armour is entirely melded.
You are incapable of wielding weapons or throwing items.
((You have very sharp teeth.))
Your uncanny sense of smell can sniff out nearby items.
Your experience applies equally to all skills.


Message History

The electric eel shoots out a bolt of lightning at you!
The bolt of electricity hits you!
The electric eel shoots out a bolt of lightning at you!
The bolt of electricity misses you.
Casting: Spider Form (safe; 1% risk of failure)
Confirm with . or Enter, or press ? or * to list all spells.
You turn into a venomous arachnid creature.
Your +0 hand axe melds into your body.
Your +1 cloak of poison resistance melds into your body.
Your +0 helmet melds into your body.
The +0 pair of fencer's gloves {Riposte Dex+3} melds into your body.
Your +0 pair of boots melds into your body.
Your +0 robe melds into your body.
You no longer feel resistant to poison.
The electric eel shoots out a bolt of lightning at you!
The bolt of electricity misses you.
The electric eel shoots out a bolt of lightning at you!
The bolt of electricity misses you.
The electric eel shoots out a bolt of lightning at you!
The bolt of electricity hits you!
You enter the shallow water.
Moving in this stuff is going to be slow.
The electric eel shoots out a bolt of lightning at you!
The bolt of electricity hits you! x2
The bolt of electricity hits the electric eel.
The electric eel completely resists.
You hit the electric eel but do no damage.
The electric eel is poisoned.
The electric eel shoots out a bolt of lightning at you!
The bolt of electricity hits you!
* * * LOW HITPOINT WARNING * * *
The bolt of electricity hits you!
* * * LOW HITPOINT WARNING * * *
The bolt of electricity hits the electric eel.
The electric eel completely resists.
You closely miss the electric eel.
The electric eel is moderately wounded.
The electric eel shoots out a bolt of lightning at you!
The bolt of electricity hits you!
You die...
Fedhas appreciates your contribution to the ecosystem.

#.# ##.....### #### #.#
####.....####... #.#
#....##..[##..## #.#
#####.............## #.#
#...........#.......
###.###.##..........#.###.
#.......##..........#.####
#################.....#...
.......s......#.........
.~~~~≈~S~≈~≈≈.#..#...#..
.~≈~≈≈≈≈≈≈≈≈≈.#....#.###
.≈≈≈≈≈≈≈≈≈≈≈~.'..###...#
.~~~~~~~~~~~≈.#..#####.#
..............#.>.......
###############..######. ∆
#.........# #. ##.......##
##.


You could see an electric eel (very poisoned).

Vanquished Creatures
  A two-headed ogre (D:10)
  3 trolls
  A wyvern (D:10)
  A steam dragon (D:8)
  3 yaks (D:9)
  Eustachio (D:6)
  Duvessa (D:7)
  An ice beast (D:7)
  2 sky beasts
  6 orc warriors
  4 black bears
  7 ogres
  9 centaurs
  A phantom (D:6)
  3 kobold brigands
  A gnoll sergeant (D:8)
  2 scorpions (D:6)
  5 bullfrogs
  4 wights
  2 jellies (D:6)
  3 killer bees (D:8)
  2 howler monkeys (D:10)
  4 gnoll boudas
  12 orc priests
  2 hounds (D:6)
  4 iguanas
  6 orc wizards
  20 gnolls
  8 adders
  2 river rats (Sewer)
  A white imp (D:7)
  2 ufetubi
  5 worms (D:4)
  6 dart slugs
  34 orcs
  7 endoplasms
  4 giant cockroaches
  9 goblins
  6 hobgoblins
  6 jackals
  14 kobolds
  3 quokkas
  5 ball pythons
  5 bats
  14 frilled lizards
  15 rats
257 creatures vanquished.

Vanquished Creatures (others)
  6 fungi (D:7)
  18 plants
24 creatures vanquished.

Grand Total: 281 creatures vanquished

Notes
Turn   | Place    | Note
-------+----------+-------------------------------------------
     0 | D:1      | themarg the Gnoll Transmuter began the quest for the Orb.
     0 | D:1      | Reached XP level 1. HP: 17/17 MP: 6/6
    51 | D:1      | Reached XP level 2. HP: 17/23 MP: 5/7
   119 | D:1      | Learned a level 2 spell: Wereblood
   594 | D:1      | Reached skill level 5 in Spellcasting
   594 | D:1      | Reached XP level 3. HP: 27/28 MP: 6/9
  1114 | D:1      | Reached skill level 1 in Invocations
  1882 | D:2      | Reached skill level 1 in Short Blades
  1882 | D:2      | Reached skill level 1 in Long Blades
  1882 | D:2      | Reached skill level 1 in Axes
  1882 | D:2      | Reached skill level 1 in Maces & Flails
  1882 | D:2      | Reached skill level 1 in Polearms
  1882 | D:2      | Reached skill level 1 in Staves
  1882 | D:2      | Reached skill level 1 in Ranged Weapons
  1882 | D:2      | Reached skill level 1 in Throwing
  1882 | D:2      | Reached skill level 1 in Armour
  1882 | D:2      | Reached skill level 1 in Stealth
  1882 | D:2      | Reached skill level 1 in Shields
  1882 | D:2      | Reached skill level 1 in Evocations
  2475 | D:2      | Reached XP level 4. HP: 34/34 MP: 9/11
  2844 | D:3      | Found a faded altar of an unknown god.
  3095 | D:3      | Learned a level 3 spell: Spider Form
  3127 | D:3      | Reached skill level 1 in Conjurations
  3127 | D:3      | Reached skill level 1 in Hexes
  3127 | D:3      | Reached skill level 1 in Summonings
  3127 | D:3      | Reached skill level 1 in Necromancy
  3127 | D:3      | Reached skill level 1 in Translocations
  3127 | D:3      | Reached skill level 1 in Fire Magic
  3127 | D:3      | Reached skill level 1 in Ice Magic
  3127 | D:3      | Reached skill level 1 in Air Magic
  3127 | D:3      | Reached skill level 1 in Earth Magic
  3127 | D:3      | Reached skill level 1 in Poison Magic
  3482 | D:3      | Reached XP level 5. HP: 34/40 MP: 7/12
  3710 | D:3      | Found a white marble altar of Elyvilon.
  3710 | D:3      | Found a blossoming altar of Fedhas.
  3718 | D:3      | Became a worshipper of Fedhas Madash
  4020 | D:4      | Found a staircase to the Ecumenical Temple.
  4043 | D:4      | Noticed a black bear
  4053 | D:4      | Killed a black bear
  4054 | D:4      | Reached skill level 5 in Dodging
  4054 | D:4      | Reached XP level 6. HP: 44/47 MP: 11/14
  4103 | D:4      | Identified the +2 hand axe "Vasidd" {vorpal, rF- rC+++
                  | Will++ Stlth+}
  4415 | D:4      | Reached * piety under Fedhas
  4444 | D:4      | Found a glowing drain.
  4458 | Sewer    | Entered a sewer
  4646 | Sewer    | Reached skill level 7 in Unarmed Combat
  4646 | Sewer    | Reached XP level 7. HP: 37/52 MP: 10/15
  4784 | Sewer    | Found a white marble altar of Elyvilon.
  5543 | D:5      | Entered Level 5 of the Dungeon
  5553 | D:5      | Found a transporter.
  5572 | D:5      | Reached XP level 8. HP: 45/60 MP: 13/16
  5665 | D:5      | Noticed bakla's ghost (novice BaAM)
  5691 | D:5      | Found a transporter.
  5885 | D:5      | Reached ** piety under Fedhas
  7041 | D:6      | Reached skill level 5 in Staves
  7193 | D:6      | Reached skill level 5 in Transmutations
  7230 | D:6      | Noticed Eustachio
  7516 | D:6      | Reached XP level 9. HP: 24/66 MP: 16/18
  8041 | D:6      | Reached *** piety under Fedhas
  8287 | D:6      | Killed Eustachio
  8288 | D:6      | Reached skill level 5 in Fighting
  8427 | D:7      | Identified a scroll of acquirement
  8431 | D:7      | Acquired the +0 pair of fencer's gloves {Riposte Dex+3}
  8431 | D:7      | Found the +0 pair of fencer's gloves {Riposte Dex+3}
  8689 | D:7      | Noticed a troll
  8704 | D:7      | Killed a troll
  8705 | D:7      | Reached skill level 8 in Unarmed Combat
  8705 | D:7      | Reached skill level 5 in Invocations
  9436 | D:7      | Noticed Dowan
  9483 | D:7      | Noticed Duvessa
  9496 | D:7      | Killed Duvessa
  9985 | D:7      | Reached skill level 5 in Short Blades
  9985 | D:7      | Reached skill level 5 in Long Blades
  9985 | D:7      | Reached skill level 5 in Axes
  9985 | D:7      | Reached skill level 5 in Maces & Flails
  9985 | D:7      | Reached skill level 5 in Polearms
  9985 | D:7      | Reached skill level 5 in Ranged Weapons
  9985 | D:7      | Reached skill level 5 in Throwing
  9985 | D:7      | Reached skill level 5 in Armour
  9985 | D:7      | Reached skill level 5 in Stealth
  9985 | D:7      | Reached skill level 5 in Shields
  9985 | D:7      | Reached skill level 5 in Evocations
  9985 | D:7      | Reached XP level 10. HP: 64/76 MP: 18/20
 10222 | D:7      | Reached **** piety under Fedhas
 10749 | D:7      | Found a bloodstained altar of Trog.
 11789 | D:8      | Found a transporter.
 11850 | D:8      | Found a transporter.
 12211 | D:8      | Found a transporter.
 12215 | D:8      | Found a transporter.
 12943 | D:9      | Reached ***** piety under Fedhas
 13415 | D:9      | Found a burning altar of Makhleb.
 13415 | D:9      | Found a snail-covered altar of Cheibriados.
 13556 | D:9      | Found a shimmering altar of Xom.
 13565 | D:9      | Found a shimmering altar of Xom.
 13566 | D:9      | Found a shimmering altar of Xom.
 13567 | D:9      | Found a shimmering altar of Xom.
 13858 | D:9      | Reached skill level 9 in Unarmed Combat
 13975 | D:9      | Found a shimmering altar of Xom.
 13975 | D:9      | Found a shimmering altar of Xom.
 13977 | D:9      | Found a shimmering altar of Xom.
 14077 | D:9      | Found a staircase to the Orcish Mines.
 14152 | D:10     | Entered Level 10 of the Dungeon
 14224 | D:10     | Reached skill level 5 in Conjurations
 14224 | D:10     | Reached skill level 5 in Hexes
 14224 | D:10     | Reached skill level 5 in Summonings
 14224 | D:10     | Reached skill level 5 in Necromancy
 14224 | D:10     | Reached skill level 5 in Translocations
 14224 | D:10     | Reached skill level 5 in Fire Magic
 14224 | D:10     | Reached skill level 5 in Ice Magic
 14224 | D:10     | Reached skill level 5 in Air Magic
 14224 | D:10     | Reached skill level 5 in Earth Magic
 14224 | D:10     | Reached skill level 5 in Poison Magic
 14324 | D:10     | Noticed a two-headed ogre
 14341 | D:10     | Killed a two-headed ogre
 14342 | D:10     | Reached XP level 11. HP: 83/83 MP: 21/23
 14598 | D:10     | Learned a level 5 spell: Yara's Violent Unravelling
 14698 | D:10     | Killed from afar by an electric eel

Illustrated notes

Levels and vault maps discovered:
D:1:      moated_graveyard_arrival, layout_basic
D:2:      layout_basic
D:3:      layout_loops_cross, amethyst_overflow_temple_binary,
          dreamdust_ecumenical_altar_statues
D:4:      wander_river, layout_loops_ring, minmay_temple_entry_statues_pillars,
          lightli_sewer_entry_pipes, minmay_lizard_king
D:5:      layout_basic, gammafunk_ghost_hive, serial_park_tiny_1
D:6:      layout_gridville, uniq_eustachio
D:7:      kennysheep_seaside_town, layout_loops_ring, lightli_temple_of_fire,
          serial_glass, glass_columns_b, glass_columns_b, glass_columns_b,
          glass_columns_a, item_on_display_a, uniq_duvessa
D:8:      layout_loops_cross, nicolae_diode_intersection
D:9:      layout_rooms, gammafunk_temple_overflow_pools,
          nicolae_xom_altar_mimics, erik_orc_2
D:10:     layout_rooms, nrook_pool_corridor

Skill      XL: |  1  2  3  4  5  6  7  8  9 10 |
---------------+-------------------------------+-----
Spellcasting   | 5 6 7 8 |  8.0
Invocations    | 1 2 3 4 5 6 |  6.8
Short Blades   | 1 2 3 5 6 |  6.2
Long Blades    | 1 2 3 5 6 |  6.2
Axes           | 1 2 3 5 6 |  6.2
Maces & Flails | 1 2 3 5 6 |  6.2
Polearms       | 1 2 3 5 6 |  6.2
Staves         | 1 2 3 4 5 7 8 |  8.9
Ranged Weapons | 1 2 3 5 6 |  6.2
Throwing       | 1 2 3 5 6 |  6.2
Armour         | 1 2 3 5 6 |  6.2
Stealth        | 1 2 3 5 6 |  6.2
Shields        | 1 2 3 5 6 |  6.2
Evocations     | 1 2 3 5 6 |  6.2
Conjurations   | 1 2 3 4 5 |  5.1
Hexes          | 1 2 3 4 5 |  5.1
Summonings     | 1 2 3 4 5 |  5.1
Necromancy     | 1 2 3 4 5 |  5.1
Translocations | 1 2 3 4 5 |  5.1
Fire Magic     | 1 2 3 4 5 |  5.1
Ice Magic      | 1 2 3 4 5 |  5.1
Air Magic      | 1 2 3 4 5 |  5.1
Earth Magic    | 1 2 3 4 5 |  5.1
Poison Magic   | 1 2 3 4 5 |  5.1
Fighting       | 3 4 5 6 |  6.8
Transmutations | 4 5 6 |  6.5
Dodging        | 5 6 7 |  7.8
Unarmed Combat | 7 8 9 |  9.1

Action                   |  1- 3 |  4- 6 |  7- 9 | 10-12 || total
-------------------------+-------+-------+-------+-------++-------
Melee: Hand axe          |   102 |    62 |     1 |       ||   165
       Kick              |    19 |    13 |       |       ||    32
       Headbutt          |    10 |     8 |       |       ||    18
       Punch             |     4 |     2 |       |       ||     6
       Bite              |    10 |     6 |       |       ||    16
       Unarmed           |       |    92 |   322 |   228 ||   642
 Cast: Beastly Appendage |    30 |    13 |     1 |       ||    44
       Spider Form       |       |    13 |    40 |    35 ||    88
       Wereblood         |       |     3 |     3 |     5 ||    11
Evoke: Wand              |       |       |       |     1 ||     1
  Use: Scroll            |       |       |    11 |     3 ||    14
 Stab: Sleeping          |       |     1 |     3 |     7 ||    11
       Distracted        |       |       |     1 |       ||     1
Armor: Robe              |    25 |    12 |       |     2 ||    39
       Skin              |       |     5 |     2 |    10 ||    17
Dodge: Dodged            |    68 |   133 |   308 |   292 ||   801
